 Dungeon Crawl Stone Soup version 0.27-a0-1196-g3e9cee4cb2 (console) character file.

Game seed: 12423411442326652391

361 Hector the Skirmisher (level 6, -1/47 HPs)
             Began as a Djinni Abyssal Knight on May 27, 2021.
             Was a Believer of Lugonu.
             Slain by Eustachio
             ... wielding a +0 falchion
              (8 damage)
             ... on level 4 of the Dungeon.
             The game lasted 00:10:00 (5026 turns).

Hector the Skirmisher (Djinni Abyssal Knight)       Turns: 5026, Time: 00:10:01

Health: -1/47      AC:  4    Str:  9    XL:     6   Next: 98%
Gold:   57         EV: 12    Int: 16    God:    Lugonu [**....] SH:  0 Dex: 16

rFire    + + .     SeeInvis +   a - +1 falchion
rCold    x . .     Faith    .   (no shield)
rNeg     . . .     Spirit   .   r - +0 leather armour of Free Expression {Str-2 Dex+4 SInv Stlth+}
rPois    ∞         Reflect  .   (no helmet)
rElec    .         Harm     .   (no cloak)
rCorr    .         Rampage  .   g - +0 pair of gloves
Will     .....                  (boots unavailable)
Stlth    ++........             (no amulet)
HPRegen  0.15/turn              (no ring)
MPRegen  0.00/turn              (no ring)

@: flying
A: sickness immunity, fire resistance 2, cold vulnerability 1, float, innate
caster, hp casting, extra vitality 1
a: Renounce Religion, Depart the Abyss, Bend Space


You were on level 4 of the Dungeon.
You worshipped Lugonu.
Lugonu was pleased with you.
You visited 1 branch of the dungeon, and saw 4 of its levels.
You visited the Abyss 1 time.

You collected 190 gold pieces.
You spent 133 gold pieces at shops.

Inventory:

Hand Weapons
 a - a +1 falchion (weapon)
Missiles
 f - 104 stones
Armour
 b - a +0 leather armour
 g - a +0 pair of gloves (worn)
 q - a +0 kite shield
 r - the +0 leather armour of Free Expression (worn) {Str-2 Dex+4 SInv Stlth+}
   (You bought it in a shop on level 2 of the Dungeon)

   It affects your strength (-2).
   It affects your dexterity (+4).
   It lets you see invisible.
   It makes you more stealthy.
Jewellery
 h - a ring of ice
 p - a ring of ice
Wands
 o - a wand of charming (8)
 t - a wand of flame (15)
Scrolls
 j - 2 scrolls of teleportation {unknown}
 k - a scroll of blinking {unknown}
 l - a scroll of identify {unknown}
 n - a scroll of enchant weapon {unknown}
 s - a scroll of magic mapping {unknown}
 u - a scroll of acquirement {unknown}
Potions
 c - 4 potions of flight {unknown}
 d - 2 potions of curing
 e - a potion of lignification
 i - a potion of haste {unknown}
 m - a potion of cancellation {unknown}


   Skills:
 + Level 4.0 Fighting
 + Level 3.4 Long Blades
 + Level 2.4 Armour
 + Level 3.1 Dodging
 * Level 1.5 Spellcasting
 * Level 3.2 Invocations


You had 5 spell levels left.
You knew the following spells:

 Your Spells              Type           Power      Damage    Failure   Level
a - Summon Small Mammal   Summ           24%        N/A       16%         1
b - Wereblood             Tmut           6%         N/A       24%         2
Your spell library was empty.

Dungeon Overview and Level Annotations

Branches:
Dungeon (4/15)
 Temple: D:4-7

Altars:
Qazlal

Shops:
D:2 [

Annotations:
D:4 Eustachio


Innate Abilities, Weirdness & Mutations

You are immune to sickness and miasma.
You are immune to poison.
Your flesh is very heat resistant. (rF++)
You are vulnerable to cold. (rC-)
You float through the air rather than walking.
You learn spells naturally, not from books.
Your magical power is your life essence.
You have superior vitality. (+4 HP)


Message History

The ufetubus hits you but does no damage.
You miss Eustachio.
The ufetubus hits you but does no damage.
The ufetubus hits you.
Eustachio casts a spell.
The ufetubus hits you. x2
You hit Eustachio but do no damage. Eustachio closely misses you.
You riposte.
You hit Eustachio.
Eustachio is lightly wounded.
The ufetubus closely misses you. x2
The quokka twitches its whiskers.
The quokka bites you.
Eustachio casts a spell.
Eustachio blinks!
The ufetubus hits you. The ufetubus barely misses you. The ufetubus hits you.
The ufetubus barely misses you. The ufetubus misses you.
The ufetubus closely misses you. Eustachio hits you with a +0 falchion.
The ufetubus barely misses you. x2
You miss Eustachio.
Eustachio is lightly wounded.
The quokka bites you but does no damage.
The ufetubus hits you.
The ufetubus hits you but does no damage.
Eustachio closely misses you. The quokka bites you.
* * * LOW HITPOINT WARNING * * *
You closely miss Eustachio.
Eustachio is lightly wounded.
The ufetubus hits you.
* * * LOW HITPOINT WARNING * * *
The ufetubus hits you but does no damage.
Eustachio misses you.
The quokka bites you but does no damage.
The ufetubus barely misses you. The ufetubus closely misses you.
Your magical contamination has completely faded away.
You barely miss Eustachio.
Eustachio is lightly wounded.
The ufetubus hits you.
* * * LOW HITPOINT WARNING * * *
The ufetubus hits you but does no damage.
The quokka misses you. Eustachio hits you with a +0 falchion!
You die...

## .# #############
.#######......[....###
.#.....'.....^.......
.#.#####...........#
.#.##...........@..#
.#.##...........@..#
...##..........5r..#
...##...†..........#
...##..............#
...##..............#
#.(................#
............#####+##.#
...........>.......#.#
......####.........#.#


You could see Eustachio, an ufetubus (summoned) and a quokka (summoned).

Vanquished Creatures
  Sigmund (D:3)
  A hound (D:4)
  An orc wizard (D:3)
  A hound skeleton (D:2)
  3 gnolls (D:2)
  2 adders
  An adder skeleton (D:4)
  2 dart slugs
  7 orcs (D:3)
  7 endoplasms
  3 giant cockroaches
  5 hobgoblins
  8 jackals
  4 kobolds
  9 quokkas
  3 ball pythons
  3 bats
  7 frilled lizards
  4 goblins
  2 rats (D:1)
74 creatures vanquished.

Notes
Turn   | Place    | Note
-------+----------+-------------------------------------------
     0 | Abyss:1  | Hector the Djinni Abyssal Knight began the quest for the
                  | Orb.
     0 | Abyss:1  | Reached XP level 1. HP: 20/20 MP: 0/0
    55 | Abyss:1  | Noticed a ynoxinul
    58 | Abyss:1  | Noticed a brown very ugly thing
    59 | D:1      | Escaped the Abyss
   124 | D:1      | Reached XP level 2. HP: 25/25 MP: 0/0
   130 | D:1      | Reached * piety under Lugonu
   284 | D:1      | Reached XP level 3. HP: 15/30 MP: 0/0
   284 | D:1      | Learned a level 1 spell: Summon Small Mammal
  1163 | D:2      | Reached XP level 4. HP: 29/36 MP: 0/0
  1315 | D:2      | Found Xepam's Antique Armour Shop.
  1603 | D:2      | Reached ** piety under Lugonu
  2065 | D:3      | Found a stormy altar of Qazlal.
  2469 | D:3      | Reached XP level 5. HP: 39/41 MP: 0/0
  2469 | D:3      | Learned a level 2 spell: Wereblood
  2471 | D:3      | Reached skill level 1 in Spellcasting
  2490 | D:3      | HP: 1/41 [orc/+0 club (3)]
  3116 | D:3      | Noticed Sigmund
  3194 | D:3      | Killed Sigmund
  3195 | D:3      | Reached skill level 4 in Fighting
  3195 | D:3      | Reached XP level 6. HP: 10/47 MP: 0/0
  3523 | D:2      | HP: 1/47 [gnoll/+0 halberd (4)]
  3897 | D:3      | Found a faded altar of an unknown god.
  4381 | D:2      | Bought a heavily runed leather armour for 133 gold pieces
  4381 | D:2      | Identified the +0 leather armour of Free Expression {Str-2
                  | Dex+4 SInv Stlth+} (You bought it in a shop on level 2 of
                  | the Dungeon)
  4878 | D:4      | Noticed Eustachio
  5026 | D:4      | Slain by Eustachio

Illustrated notes

Levels and vault maps discovered:
D:1:      saegor_arrival_miasma, layout_rooms, corner_web_ring
D:2:      layout_loops_ring, serial_shops, nicolae_shop_window_shopping,
          minmay_misc_feat_secret_circle
D:3:      layout_basic, overflow_temple_1_default,
          hellmonk_ecumenical_altar_heavens_door, uniq_sigmund
D:4:      layout_basic, uniq_eustachio

Skill      XL: |  1  2  3  4  5 |
---------------+----------------+-----
Invocations    | 2 3 |  3.2
Long Blades    | 2 3 |  3.4
Spellcasting   | 1 |  1.5
Fighting       | 4 |  4.0
Armour         | 2 |  2.4
Dodging        | 3 |  3.1

Action                   |  1- 3 |  4- 6 || total
-------------------------+-------+-------++-------
Melee: Falchion          |    97 |   167 ||   264
 Cast: Summon Small Mamm |       |     7 ||     7
Invok: Depart the Abyss  |     1 |       ||     1
  Use: Potion            |       |     2 ||     2
 Stab: Sleeping          |     1 |     3 ||     4
Armor: Leather armour    |    27 |    40 ||    67
       Skin              |       |    12 ||    12
Dodge: Dodged            |    64 |   127 ||   191
       Rpst.: Falchion   |    17 |    36 ||    53

Table legend: (Time is in decaauts)
 A = Elapsed time spent in this place.
 B = Non-inter-level travel time spent in this place.
 C = Inter-level travel time spent in this place.
 D = Time resting spent in this place.
 E = Time spent auto-exploring this place.
 F = Levels seen in this place.
 G = Mean time per level.
                   A        B        C        D        E       F      G
               +--------+--------+--------+--------+--------+-----+--------+
         Total |   5080 |   4729 |    351 |   1022 |   2890 |   5 | 1016.0 |
       Dungeon |   5021 |   4670 |    351 |   1022 |   2836 |   4 | 1255.2 |
         Abyss |     59 |     59 |      0 |      0 |     54 |   1 |   59.0 |
               +--------+--------+--------+--------+--------+-----+--------+

Top non-repeatable levels by time:
     D:3: 1817 daAuts
     D:2: 1607 daAuts
     D:1: 1013 daAuts
     D:4: 583 daAuts
 Abyss:1: 59 daAuts
